 Dungeon Crawl Stone Soup version 0.29.0-7-g18a832c13a (webtiles) character file.

Game seed: 11180722890609275404

98465 mtoz the Severer (level 15, -10/211 HPs)
             Began as a Minotaur Berserker on Aug 30, 2022.
             Was a Priest of Trog.
             Mangled by a stone giant (11 damage)
             ... on level 15 of the Dungeon on Sept 1, 2022.
             The game lasted 01:39:25 (29301 turns).

mtoz the Severer (Minotaur Berserker)              Turns: 29301, Time: 01:39:26

Health: -10/211    AC: 23    Str: 28    XL:     15   Next: 74%
Magic:  14/14      EV: 12    Int:  4    God:    Trog [***...]
Gold:   1909       SH:  0    Dex: 11    Spells: 14/14 levels left

rFire   . . .      SeeInvis +   T - +4 battleaxe of the Big Bang {vorpal, SInv}
rCold   . . .      Faith    .   (shield currently unavailable)
rNeg    . . .      Spirit   .   q - +0 plate armour
rPois   .          Reflect  .   l - +2 hat
rElec   .          Harm     .   g - +0 cloak
rCorr   .          Rampage  .   N - +0 pair of gloves
Will    ++++.                   E - +0 pair of boots
Stlth   ..........              M - amulet of regeneration
HPRegen 2.25/turn               (no ring)
MPRegen 0.14/turn               (no ring)

@: berserking, strong-willed, regenerating, very quick
A: horns 2, retaliatory headbutt, strong-willed 1
a: Renounce Religion, Berserk, Trog's Hand


You were on level 15 of the Dungeon.
You worshipped Trog.
Trog was most pleased with you.
You visited 5 branches of the dungeon, and saw 24 of its levels.
You also visited: Bailey.

You collected 3130 gold pieces.
You spent 1221 gold pieces at shops.

Inventory:

Hand Weapons
 h - a +0 battleaxe of flaming
 T - the +4 battleaxe of the Big Bang (weapon) {vorpal, SInv}
   (You found it on level 5 of the Lair of Beasts)

   It inflicts extra damage upon your enemies.
   SInv:      It lets you see invisible.
Armour
 g - a +0 cloak (worn)
 l - a +2 hat (worn)
 q - a +0 plate armour (worn)
 E - a +0 pair of boots (worn)
 N - a +0 pair of gloves (worn)
Jewellery
 a - a ring of positive energy
 n - a ring of protection from fire
 C - a +6 ring of strength
 D - a ring of flight
 K - a +4 ring of protection
 M - an amulet of regeneration (around neck)
 R - a +6 ring of dexterity
 V - the amulet of Odiar {Spirit rPois}
   (You bought it in a shop on level 10 of the Dungeon)

   [amulet of guardian spirit]

   It causes incoming damage to be divided between your reserves of health and
   magic.
   rPois:     It protects you from poison.
 Y - a ring of ice
Wands
 w - a wand of polymorph (2)
 x - a wand of flame (7)
 G - a wand of light (14)
 S - a wand of digging (9)
 W - a wand of charming (12)
 Z - a wand of mindburst (5)
Scrolls
 e - 3 scrolls of vulnerability
 j - 13 scrolls of teleportation
 o - 2 scrolls of immolation
 s - 3 scrolls of magic mapping
 t - 2 scrolls of silence
 v - 14 scrolls of identify
 y - 4 scrolls of poison
 F - 4 scrolls of fear
 H - a scroll of blinking
 J - 2 scrolls of torment
 L - 6 scrolls of enchant weapon
 O - 2 scrolls of enchant armour {unknown}
Potions
 b - 3 potions of lignification
 c - 7 potions of haste
 d - 11 potions of curing
 f - 2 potions of ambrosia
 i - 9 potions of attraction
 m - 8 potions of flight
 p - 3 potions of heal wounds
 r - a potion of magic {unknown}
 u - 2 potions of might
 z - 2 potions of mutation
 U - 4 potions of invisibility
Miscellaneous
 k - a box of beasts (inert)
 A - a lightning rod (4/4)
 B - a phial of floods
 I - a box of beasts (inert)
 Q - a tin of tremorstones (2/2)


   Skills:
 + Level 15.2 Fighting
 * Level 19.4 Axes
 + Level 14.9 Armour
 + Level 13.8 Dodging
 + Level 9.7 Evocations


You had 14 spell levels left.
You didn't know any spells.
Your spell library was empty.

Dungeon Overview and Level Annotations

Branches:
Dungeon (15/15)            Temple (0/1) D:6            Lair (5/5) D:10
  Swamp (0/4) Lair:3        Snake (0/4) Lair:3        Slime (0/5) Lair:4
    Orc (2/2) D:11            Elf (1/3) Orc:2        Vaults (0/5) D:13
 Depths (1/4) D:15         Bailey (visited)

Altars:
Ashenzari
Elyvilon
Fedhas
Gozag
Makhleb
Okawaru
Qazlal
Ru
Trog
Vehumet
Zin
Jiyva

Shops:
D:5 **   D:10 [!==?   D:12 *   Orc:1 [   Orc:2 *[:(   Elf:1 *

Portals:
Trove: D:10 (give +4 fire dragon scales)

Annotations:
Depths:1 2 runed translucent doors


Innate Abilities, Weirdness & Mutations

You have a pair of horns on your head.
You reflexively headbutt those who attack you in melee.
You are strong-willed. (Will+)


Message History

You see here a +1 scimitar of flaming.
You feel the effects of Trog's Hand fading.
Your skin stops crawling.
You feel less strong-willed.
You open the door.
There is an open door here.
W - a wand of charming (12) (gained 3 charges) Done exploring.
Done exploring.
There is a staircase to the Depths here.
You climb downwards.
Welcome to the Depths!
The spriggan berserker shouts!
Found a stone staircase leading down.
There is a staircase back to the Dungeon here.
The stone giant throws a large rock.
The large rock hits you!!
The stone giant attacks as you move away!
The stone giant hits you!
The spriggan berserker prays to Trog.
The spriggan berserker goes berserk!
The stone giant throws a large rock.
The large rock hits you but does no damage.
There is a staircase back to the Dungeon, spattered with blood here.
The spriggan berserker closely misses you.
You furiously retaliate!
You headbutt the spriggan berserker.
The spriggan berserker hits you with a +0 rapier!!
The stone giant hits you!!
You climb upwards.
Welcome back to the Dungeon!
There is a staircase to the Depths here.
Your skin crawls.
You feel strong-willed.
The spriggan berserker hits you with a +0 rapier!
* * * LOW HITPOINT WARNING * * *
The spriggan berserker hits you with a +0 rapier!
* * * LOW HITPOINT WARNING * * *
The stone giant hits you.
* * * LOW HITPOINT WARNING * * *
A red film seems to cover your vision as you go berserk!
You feel yourself moving faster!
You feel mighty!
The spriggan berserker hits you with a +0 rapier!!
* * * LOW HITPOINT WARNING * * *
The stone giant hits you!
You die...

.....#.#.#.# #.............#[#
.....#.#.#.#####.####'###.#.#.#
.....#.#...#...........##.#.#†#
.....#.####...(......P..#.#.#.#
.......# #..............#.#.#.#
.....### #....P.........#...#.#
.....#####.....P..PP.8..###.#.#
.........#....8.C88...P.......#
............P..8@..(8...#.#.###
........##..8...i.....8?#.#.#
........##.........P..8.....#
.....#...#..8...P...8...#.#####
####.....#...8.P..8...P.#.....#
####.....##........8..#.#####.#
...........#8.....P.8##.# #.#
...........####)[######.# #.#
...........#.....# #.# #.#


You could see a stone giant and a spriggan berserker (berserk).

Vanquished Creatures
  Rupert (Lair:4)
  2 orc warlords (Orc:1)
  A fire dragon (D:13)
  An ice dragon (D:12)
  Fannar (D:10)
  3 boulder beetles
  12 hydras
  An ogre mage (D:12)
  6 catoblepae
  6 two-headed ogres
  5 centaur warriors
  2 tengu warriors
  11 death yaks
  A vampire mage (D:15)
  4 orc high priests (Orc:2)
  A titan skeleton (D:15)
  An iron troll (D:13)
  2 skeletal warriors (D:15)
  6 orc knights
  A shadow dragon zombie (D:15)
  2 obsidian statues
  Pikel (D:7)
  A necromancer (D:15)
  A wizard (D:14)
  6 orc sorcerers
  6 manticores
  5 cyclopes
  5 elephants (Lair:5)
  7 black mambas
  16 cane toads
  4 gargoyles
  A torpor snail (Lair:4)
  A spriggan zombie (D:15)
  3 rime drakes
  A kobold demonologist (D:13)
  6 komodo dragons
  2 efreet (D:15)
  2 freezing wraiths (D:14)
  2 tengu conjurers (D:15)
  3 meliai (D:14)
  A guardian mummy (D:15)
  2 hornets
  7 trolls
  16 blink frogs
  4 polar bears
  12 slime creatures
  A dream sheep (Lair:2)
  A centaur simulacrum (D:12)
  A culicivora (shapeshifter) (D:13)
  50 yaks
  A shadow (D:10)
  2 wraiths
  5 wyverns
  6 basilisks
  6 vampire mosquitoes
  2 humans (D:9)
  4 swamp worms (Lair:3)
  5 wargs
  A tengu zombie (D:15)
  An acid dragon (D:12)
  20 water moccasins
  A water moccasin (shapeshifter) (D:14)
  A black bear (D:6)
  37 orc warriors
  5 ice beasts
  A sky beast (D:7)
  A wolf (Lair:2)
  6 ogres
  5 centaurs
  9 boggarts
  2 phantoms
  A lemure (D:7)
  9 kobold brigands
  13 bullfrogs
  A necrophage (D:5)
  7 scorpions
  8 wights (D:9)
  3 killer bees (D:9)
  3 electric eels
  A howler monkey (D:10)
  4 hounds
  19 orc priests
  A gnoll bouda (D:7)
  2 iguanas (D:6)
  Ijyb (D:5)
  36 orc wizards
  5 hell rats (Lair:3)
  3 gnolls (D:7)
  6 adders
  2 white imps
  2 ufetubi
  2 worms
  2 dart slugs
  93 orcs
  6 ball pythons
  7 bats
  5 endoplasms
  A giant cockroach (D:3)
  6 goblins
  5 hobgoblins
  4 jackals (D:3)
  5 quokkas
  5 frilled lizards (D:1)
  32 kobolds
  8 rats
667 creatures vanquished.

Vanquished Creatures (collateral kills)
  A hydra (Lair:2)
  A water moccasin (Lair:2)
  A boggart (D:15)
  A centaur (D:15)
  A wolf (Lair:2)
5 creatures vanquished.

Vanquished Creatures (others)
  A cyclops (D:15)
  A centaur (D:15)
  An orc priest (Orc:2)
  A bush (Lair:4)
  27 fungi
  84 plants
  3 toadstools (D:5)
  3 withered plants (D:15)
121 creatures vanquished.

Grand Total: 793 creatures vanquished

Notes
Turn   | Place    | Note
-------+----------+-------------------------------------------
     0 | D:1      | mtoz the Minotaur Berserker began the quest for the Orb.
     0 | D:1      | Reached XP level 1. HP: 19/19 MP: 0/0
   242 | D:1      | Reached XP level 2. HP: 22/27 MP: 1/1
   814 | D:1      | Reached skill level 4 in Axes
   956 | D:1      | Reached ** piety under Trog
  1039 | D:1      | Reached XP level 3. HP: 33/33 MP: 2/2
  1406 | D:2      | Found a faded altar of an unknown god.
  2387 | D:4      | Found an opulent altar of Gozag.
  2422 | D:4      | Noticed a scorpion
  2428 | D:4      | Killed a scorpion
  2429 | D:4      | Reached XP level 4. HP: 37/41 MP: 3/3
  2499 | D:4      | Reached XP level 5. HP: 46/47 MP: 4/4
  2785 | D:4      | Noticed a phantom
  2793 | D:4      | Killed a phantom
  2794 | D:4      | Reached skill level 5 in Fighting
  2794 | D:4      | Reached skill level 5 in Axes
  2894 | D:4      | Found a broken altar of Ashenzari.
  3154 | D:5      | Entered Level 5 of the Dungeon
  3161 | D:5      | Noticed a water moccasin
  3171 | D:5      | Killed a water moccasin
  3172 | D:5      | Reached XP level 6. HP: 49/56 MP: 5/5
  3478 | D:5      | Reached skill level 5 in Armour
  3478 | D:5      | Reached XP level 7. HP: 46/62 MP: 6/6
  3555 | D:5      | Noticed Ijyb
  3567 | D:5      | Killed Ijyb
  3829 | D:5      | Found Kipnizae's Specific Store.
  3831 | D:5      | Found Jaesyps's General Store.
  3841 | D:5      | Bought a potion of heal wounds for 60 gold pieces
  3928 | D:5      | Reached skill level 6 in Axes
  3975 | D:5      | Reached skill level 5 in Dodging
  4458 | D:6      | Reached XP level 8. HP: 61/71 MP: 7/7
  4739 | D:6      | Reached skill level 7 in Axes
  5102 | D:6      | Found a staircase to the Ecumenical Temple.
  5238 | D:6      | Found a radiant altar of Vehumet.
  5514 | D:7      | Noticed Pikel
  5524 | D:7      | Killed Pikel
  5525 | D:7      | Reached skill level 8 in Axes
  5525 | D:7      | Reached XP level 9. HP: 81/81 MP: 8/8
  6239 | D:7      | Reached *** piety under Trog
  6367 | D:7      | Gained mutation: You are strong-willed. (Will+) [potion of
                  | mutation]
  6367 | D:7      | Gained mutation: Your mind is acute. (Int +4, Str/Dex -1)
                  | [potion of mutation]
  6576 | D:8      | Found a flagged portal.
  6587 | Bailey   | Entered a bailey
  6776 | Bailey   | Noticed an orc knight
  6791 | Bailey   | Noticed an orc knight
  6794 | Bailey   | Killed an orc knight
  6795 | Bailey   | Reached skill level 9 in Axes
  6795 | Bailey   | Reached skill level 1 in Evocations
  6814 | Bailey   | Killed an orc knight
  6815 | Bailey   | Reached XP level 10. HP: 39/91 MP: 9/9
  7091 | Bailey   | Found a bloodstained altar of Trog.
  7285 | D:8      | Reached skill level 10 in Axes
  7796 | D:8      | Found a stormy altar of Qazlal.
  7796 | D:8      | Found a faded altar of an unknown god.
  7802 | D:8      | Found a bloodstained altar of Trog.
  7804 | D:8      | Found a glowing silver altar of Zin.
  7806 | D:8      | Found a white marble altar of Elyvilon.
  8883 | D:9      | Reached skill level 10 in Fighting
  9198 | D:9      | Reached skill level 11 in Axes
  9569 | D:9      | Found an iron altar of Okawaru.
  9692 | D:10     | Entered Level 10 of the Dungeon
  9692 | D:10     | Found Hacwyi's Magic Scroll Emporium.
  9764 | D:10     | Bought a scroll of identify for 26 gold pieces
  9764 | D:10     | Bought a scroll of identify for 26 gold pieces
  9764 | D:10     | Bought a scroll of enchant weapon for 97 gold pieces
  9764 | D:10     | Bought a scroll of enchant weapon for 97 gold pieces
  9764 | D:10     | Bought a scroll of teleportation for 39 gold pieces
  9787 | D:10     | Found Jishrapp's Jewellery Emporium.
  9798 | D:10     | Bought the amulet of Odiar {Spirit rPois} for 576 gold
                  | pieces
  9826 | D:10     | Noticed a gargoyle
  9830 | D:10     | Killed a gargoyle
  9849 | D:10     | Found a portal to a secret trove of treasure.
  9860 | D:10     | Found Erphese's Antique Armour Shoppe.
  9917 | D:10     | Reached XP level 11. HP: 50/101 MP: 5/10
 10126 | D:10     | Found Xuqes's Distillery.
 10128 | D:10     | Noticed Fannar
 10138 | D:10     | Killed Fannar
 10139 | D:10     | Reached skill level 10 in Armour
 10203 | D:10     | Bought a potion of haste for 150 gold pieces
 10203 | D:10     | Bought a potion of haste for 150 gold pieces
 10245 | D:10     | Found a staircase to the Lair.
 10371 | D:10     | Found Ridaext's Jewellery Shop.
 10462 | D:10     | Found a blossoming altar of Fedhas.
 10530 | Lair:1   | Entered Level 1 of the Lair of Beasts
 11172 | Lair:1   | Reached skill level 12 in Axes
 12227 | Lair:1   | Noticed a seven-headed hydra
 12235 | Lair:1   | HP: 5/151 [seven-headed hydra (9)]
 12236 | Lair:1   | Killed a seven-headed hydra
 12794 | Lair:2   | Noticed an eight-headed hydra
 12802 | Lair:2   | Killed an eight-headed hydra
 12990 | Lair:2   | Noticed a death yak
 12990 | Lair:2   | Noticed a death yak
 12992 | Lair:2   | Noticed a death yak
 12997 | Lair:2   | Noticed a death yak
 13032 | Lair:1   | Killed a death yak
 13033 | Lair:1   | Reached skill level 13 in Axes
 13033 | Lair:1   | Reached skill level 5 in Evocations
 13136 | Lair:1   | Killed a death yak
 13137 | Lair:1   | Reached skill level 10 in Dodging
 13140 | Lair:1   | Killed a death yak
 13230 | Lair:1   | Killed a death yak
 13231 | Lair:1   | Reached XP level 12. HP: 90/110 MP: 9/11
 14087 | Lair:2   | Reached skill level 14 in Axes
 14384 | Lair:2   | Identified the +2 glaive of Feytum {flame, rPois rF+ rC+
                  | Int+4}
 14473 | Lair:2   | Noticed a six-headed hydra
 14485 | Lair:2   | Killed a two-headed hydra
 15208 | Lair:2   | Noticed a four-headed hydra
 15219 | Lair:2   | Killed a two-headed hydra
 15894 | Lair:3   | Found a staircase to the Swamp.
 15972 | Lair:3   | You fall into a shaft and drop 2 floors!
 15972 | Lair:5   | Entered Level 5 of the Lair of Beasts
 15976 | Lair:5   | Noticed a four-headed hydra
 15983 | Lair:5   | Reached XP level 13. HP: 64/119 MP: 6/12
 15988 | Lair:5   | Reached skill level 15 in Axes
 17099 | Lair:3   | Found a staircase to the Snake Pit.
 17967 | Lair:4   | Reached skill level 16 in Axes
 18485 | Lair:4   | Noticed Rupert
 18499 | Lair:4   | Killed Rupert
 19160 | Lair:4   | Found a viscous altar of Jiyva.
 19173 | Lair:4   | Found a staircase to the Slime Pits.
 19476 | Lair:5   | Reached XP level 14. HP: 40/129 MP: 6/13
 20410 | Lair:5   | Reached skill level 17 in Axes
 20817 | Lair:5   | Identified the +4 battleaxe of the Big Bang {vorpal, SInv}
 21488 | D:11     | You fall into a shaft and drop 2 floors!
 22228 | D:11     | Lost mutation: Your mind is acute. (Int +4, Str/Dex -1) [a
                  | neqoxec]
 22620 | D:11     | Found a staircase to the Orcish Mines.
 22625 | Orc:1    | Entered Level 1 of the Orcish Mines
 22625 | Orc:1    | Found Paowk's Antique Armour Emporium.
 22917 | Orc:2    | Entered Level 2 of the Orcish Mines
 22975 | Orc:2    | Noticed an orc warlord
 23038 | Orc:1    | Killed an orc warlord
 23206 | Orc:2    | Noticed an orc warlord
 23431 | Orc:1    | Killed an orc warlord
 23438 | Orc:1    | Found a burning altar of Makhleb.
 23900 | Orc:2    | Found a staircase to the Elven Halls.
 23979 | Orc:2    | Paralysed by an orc sorcerer for 3 turns
 24331 | Orc:2    | Reached skill level 18 in Axes
 24361 | Orc:2    | Reached **** piety under Trog
 24930 | Orc:2    | Found Xewiura's General Store.
 24931 | Orc:2    | Found Kum Tuan's Book Emporium.
 24933 | Orc:2    | Found Uwyul's Antique Armour Emporium.
 24933 | Orc:2    | Found Nuch's Antique Weapon Shoppe.
 24964 | Orc:2    | Reached XP level 15. HP: 133/139 MP: 12/14
 25184 | Elf:1    | Entered Level 1 of the Elven Halls
 25184 | Elf:1    | Found Sozxer's General Store.
 25496 | D:12     | Found Wiczuwk's Neck Hole.
 26475 | D:13     | Found a gate to the Vaults.
 27282 | D:14     | Found a glowing silver altar of Zin.
 27593 | D:15     | Entered Level 15 of the Dungeon
 27687 | D:15     | Found a staircase to the Depths.
 28082 | D:15     | Reached skill level 19 in Axes
 28180 | D:15     | Reached skill level 15 in Fighting
 28664 | D:15     | Found a sacrificial altar of Ru.
 29293 | Depths:1 | Entered Level 1 of the Depths
 29293 | Depths:1 | Found a large runed translucent door.
 29293 | Depths:1 | Found a large runed translucent door.
 29301 | D:15     | HP: 1/211 [spriggan berserker/+0 rapier (29)]
 29301 | D:15     | Mangled by a stone giant

Illustrated notes

Levels and vault maps discovered:
D:1:      onia_arrival_mini_spirals, layout_basic
D:2:      cheibrodos_old_hovel, layout_loops_ring,
          shapermc_ecumenical_altar_mp_ritualfount
D:3:      layout_rooms
D:4:      layout_basic, mainiacjoe_overflow_small_starburst,
          nicolae_ashenzari_skybound, lemuel_old_faithful
D:5:      layout_gridville, grunt_ministairs_15, nicolae_specific_store,
          minmay_gold_behind_fungi, uniq_ijyb
D:6:      layout_loops_cross, nicolae_overflow_crystal_walls,
          minmay_temple_entry_proselytizer
D:7:      layout_rooms, kennysheep_path_1, uniq_pikel
D:8:      layout_basic, chequers_temple_overflow_minitemple, enter_bailey_6
D:9:      layout_basic, okawaru_humans, minmay_misc_feat_doors
D:10:     layout_rooms, mainiacjoe_overflow_cross_hatched,
          grunt_lair_entry_orc_guard_hut, serial_shops,
          nicolae_shop_advertising_works [nicolae_subvault_shop_adworks],
          nicolae_stop_n_shop_2, nicolae_lakefront_shop, shop, shop,
          nicolae_trove_entry_free_sample, uniq_fannar
D:11:     layout_cave_pools, hiddenorc1_lemuel, minivault_16, st_stairs_14
D:12:     minmay_dotted_concentric_squares, layout_rooms,
          nicolae_shop_sticking_my_neck_out
D:13:     layout_roguey, david_vaults_4, nicolae_elevator_lobby_plus
D:14:     layout_rooms, zin_angel, corexii_hall_statues_i, minmay_statue_bubble
D:15:     gammafunk_depths_entry_grave, layout_basic,
          nicolae_ru_sacrificial_ziggurat, minmay_starry_boxes
Lair:1:   cheibrodos_lair_river_kwai, layout_chaotic_city, serial_forest,
          infiniplex_forest_lined_4_way, infiniplex_forest_straight_1,
          infiniplex_forest_straight_3, infiniplex_forest_straight_1,
          infiniplex_forest_lined_room_3, infiniplex_forest_3_way,
          infiniplex_forest_lined_3
Lair:2:   nzn_winding_woodlands_cross [nzn_winding_woodlands_5x15_jagged,
          nzn_winding_woodlands_5x15_sidewinder,
          nzn_winding_woodlands_5x15_longhouse,
          nzn_winding_woodlands_5x15_sawtooth,
          nzn_winding_woodlands_15x15_five_gardens], layout_cave_shapes,
          beast_lair_carwin_4
Lair:3:   layout_gridlike, nicolae_swamp_entry_splash_gauntlet,
          minmay_snake_entry_six_corridors
Lair:4:   nzn_motion_control, layout_cave_pods, dpeg_slime_entry_corner,
          serial_bayou_shore_b, uniq_rupert
Lair:5:   evilmike_catoblepas_cave, layout_misc_corridors
Orc:1:    layout_caves, serial_shops, shop, bloody_makhleb
Orc:2:    st_orc_congregation, layout_diamond_mine, basic_altar
Elf:1:    layout_geoelf_octagon, ebering_ghost_reflecting_pool, special_room
          [special_room_mythical_zoo], serial_shops,
          nicolae_shop_competitors_out_of_business, hellmonk_bongcloud_opening,
          fountainhead, uniq_azrael, uniq_jorgrun
Depths:1: lightli_eight_chambers, layout_twisted_cross, enter_ziggurat_e,
          grunt_hell_entry_dis_grunt, minmay_misc_feat_enclosed,
          cheibriados_altar_1

Skill      XL: |  1  2  3  4  5  6  7  8  9 10 11 12 13 14 15 |
---------------+----------------------------------------------+-----
Fighting       | 4 5 6 8 9 10 11 12 13 14 15 | 15.2
Axes           | 4 5 6 8 9 11 13 14 16 18 19 | 19.4
Armour         | 3 4 5 6 7 8 9 11 12 13 14 | 14.9
Dodging        | 3 4 5 6 8 9 10 11 12 13 | 13.8
Evocations     | 1 3 5 6 7 8 9 |  9.7

Action                   |  1- 3 |  4- 6 |  7- 9 | 10-12 | 13-15 || total
-------------------------+-------+-------+-------+-------+-------++-------
Melee: Hand axe          |   103 |    73 |   101 |       |       ||   277
       Headbutt          |    16 |    17 |    52 |   110 |   242 ||   437
       Punch             |       |       |     7 |       |       ||     7
       War axe           |       |       |    97 |       |       ||    97
       Battleaxe         |       |       |    94 |   447 |   936 ||  1477
       Dire flail        |       |       |       |     4 |       ||     4
       Glaive            |       |       |       |    75 |       ||    75
Invok: Trog's Hand       |     1 |     6 |    14 |    24 |    50 ||    95
       Berserk           |       |     2 |     3 |     8 |    13 ||    26
Evoke: Wand              |       |       |     6 |    18 |    35 ||    59
       Box of beasts     |       |       |       |     1 |     1 ||     2
  Use: Scroll            |       |       |    11 |    12 |     1 ||    24
       Potion            |       |       |     6 |     3 |       ||     9
 Stab: Invisible         |       |       |       |     2 |       ||     2
Armor: Animal skin       |    11 |       |       |       |       ||    11
       Ring mail         |    11 |       |       |       |       ||    11
       Chain mail        |    32 |    50 |   184 |     2 |       ||   268
       Plate armour      |       |       |       |   313 |   437 ||   750
       Ice dragon scales |       |       |       |       |   133 ||   133
Dodge: Dodged            |    52 |    24 |   159 |   305 |   592 ||  1132
